Unix NetHack Version 5.0.0-0 post-release - last build Jun 10 2026 00:39:30 (3ee93aec679c4c4259841fe613dc97188e26a321,branch:main).

Game began 2026-06-21 00:48:53, ended 2026-06-21 00:59:07.

Jobair, chaotic female elven Wizard

                               ------------
  -------   --------           |..........|
  |!!!!.|   |.......#         #-..........|
  |@!!!f-###|....k.|####      #|..........|
  |!!!@.|  #|......----########|..<.......|
  -------  #----.)....|    #   |..........|
           #   |......+        -------.----
           ####.$...$.|
               -.----|-

Jobair the Conjurer       St:9 Dx:14 Co:16 In:20 Wi:10 Ch:8  Chaotic
Dlvl:3  $:28 HP:24(30) Pw:15(38) AC:9  Xp:3 T:1205 

Latest messages:
 Kevin's ghost touches you!
 In what direction? 3
 The spell misses Kevin's ghost.
 In what direction? 2
 The spell misses Kevin's ghost.
 Kevin's ghost touches you!
 You miss Kevin's ghost.
 You miss Kevin's ghost.
 You miss Kevin's ghost.
 Godzilla drops a gold piece.
 You miss Kevin's ghost.
 You miss Kevin's ghost.
 You miss Kevin's ghost.
 Kevin's ghost touches you!
 You miss Kevin's ghost.
 Kevin's ghost touches you!
 You miss Kevin's ghost.
 You miss Kevin's ghost.
 You miss Kevin's ghost.
 Kevin's ghost touches you!
 You miss Kevin's ghost.
 You miss Kevin's ghost.
 You miss Kevin's ghost.
 You miss Kevin's ghost.
 You miss Kevin's ghost.
 You miss Kevin's ghost.
 You miss Kevin's ghost.
 You miss Kevin's ghost.
 Kevin's ghost touches you!
 You see here a statue of a kobold.
 Pick a monster, object or location.
 You see here a dagger.
 Godzilla picks up a gold piece.
 Kevin's ghost touches you!
 The acid blob oozes under the door.
 Godzilla drops a gold piece.
 You hear a chugging sound.
 "Hello, Jobair!  Welcome to Vals' liquor emporium!"
 You see here a golden potion (for sale, 133 zorkmids).
 You see here a pink potion (for sale, 267 zorkmids).
 Godzilla picks up a milky potion.
 You see here a smoky potion (for sale, 333 zorkmids).
 You see here a golden potion (for sale, 133 zorkmids).
 Really quit without saving? [yn] (n) y
 Vals gratefully inherits all your possessions.
 Do you want to see what you had when you quit? [ynq] (y) y
 Do you want to see your attributes? [ynq] (y) y
 Do you want an account of creatures vanquished? [ynaq] (y) y
 Do you want to see your conduct and achievements? [ynq] (y) y
 Do you want to see the dungeon overview? [ynq] (y) y

Inventory:
 Coins    ('$')
  $ - 28 gold pieces
 Weapons  (')')
  q - 58 +0 darts (at the ready)
  a - a blessed +1 quarterstaff (weapon in hands)
 Armor    ('[')
  b - an uncursed +0 cloak of magic resistance (being worn)
 Comestibles  ('%')
  w - an uncursed banana
  x - an uncursed food ration
 Scrolls  ('?')
  k - an uncursed scroll of create monster
  j - an uncursed scroll of destroy armor
  y - an uncursed scroll of magic mapping
  i - an uncursed scroll of punishment
 Spellbooks  ('+')
  v - an uncursed spellbook of detect unseen
  l - a blessed spellbook of force bolt
  m - an uncursed spellbook of healing
 Potions  ('!')
  s - an uncursed potion of blindness
  p - an uncursed potion of fruit juice
  g - an uncursed potion of gain energy
  f - an uncursed potion of see invisible
  r - an uncursed potion of water
 Rings    ('=')
  d - an uncursed +1 ring of adornment
  e - an uncursed ring of invisibility
 Wands    ('/')
  c - a wand of fire (0:5)
 Tools    ('(')
  o - an uncursed bell
  n - a magic marker (0:21)
  t - an uncursed stethoscope
 Gems/Stones  ('*')
  u - an uncursed worthless piece of yellow glass

Jobair the Wizard's attributes:

Background:
 You were a Conjurer, a level 3 female elven Wizard.
 You were chaotic, nominally on a mission for Anhur
 who was opposed by Ptah (lawful) and Thoth (neutral).
 You were left-handed.
 You were in the Dungeons of Doom, on level 3.
 You entered the dungeon 1205 turns ago.
 It was the midnight hour.
 You had 63 experience points, 17 more were needed to attain level 4.

Basics:
 You had 24 out of 30 hit points.
 You had 15 out of 38 energy points (spell power).
 Your armor class was 9.
 Your wallet contained 28 zorkmids.
 Autopickup was off.

Final Characteristics:
 Your strength was 9 (limit:18).
 Your dexterity was 14 (limit:18).
 Your constitution was 16 (limit:16).
 Your intelligence was 20 (limit:20).
 Your wisdom was 10 (limit:20).
 Your charisma was 8 (limit:18).

Final Status:
 You weren't hungry.
 You were unencumbered.
 You were wielding a quarterstaff.
 You had basic skill with quarterstaff.

Final Attributes:
 You were devoutly aligned.
 You were magic-protected.
 You had infravision.
 You were warded.
 You were unlucky.
 You survived.

Miscellaneous:
 You didn't encounter any bones levels.
 Total elapsed playing time was 10 minutes and 11 seconds.

Major events:
 Turn
    1: Jobair the chaotic female elven Wizard entered the dungeon
  326: attained the rank of Conjurer (level 3)
 1205: quit

Spells:
 Name                 Level Category     Fail Retention
 force bolt             1   attack         0%  91%-100%
 healing                1   healing        0%  76%-100%

Skills:
 Fighting Skills
   bare handed combat [Unskilled]
   riding             [Unskilled]
 Weapon Skills
   dagger             [Unskilled]
   knife              [Unskilled]
   axe                [Unskilled]
   short sword        [Unskilled]
   club               [Unskilled]
   mace               [Unskilled]
   quarterstaff       [Basic]
   polearms           [Unskilled]
   spear              [Unskilled]
   trident            [Unskilled]
   sling              [Unskilled]
   dart               [Unskilled]
   shuriken           [Unskilled]
 Spellcasting Skills
   attack spells      [Basic]
   healing spells     [Unskilled]
   divination spells  [Unskilled]
   enchantment spells [Basic]
   clerical spells    [Unskilled]
   escape spells      [Unskilled]
   matter spells      [Unskilled]

Voluntary challenges:
 Character rerolling was not enabled.
 You were an atheist.
 You never genocided any monsters.
 You never polymorphed an object.
 You never changed form.
 You used no wishes.
Achievements:
 You attained the rank of Conjurer.
 You entered a shop.

 The Dungeons of Doom: levels 1 to 3
    Level 1:
       Some fountains, many trees.
    Level 2:
       Some sinks, a grave.
    Level 3: <- You were here.
       A potion shop.


Vanquished creatures:
  6 wood nymphs
  a coyote
  a gecko
  5 jackals
  a fox
  a kobold
  a goblin
  a lichen
  2 kobold zombies
  2 newts
21 creatures vanquished.

No species were genocided or became extinct.

Goodbye Jobair the Wizard...

You quit in The Dungeons of Doom on dungeon level 3 with 380 points,
and 28 pieces of gold, after 1205 moves.
You were level 3 with a maximum of 30 hit points when you quit.

